 Dungeon Crawl Stone Soup version 0.24-b1-44-g37ad8b309f (webtiles) character file.

Game seed: 5740089602856411080, levelgen mode: deterministic

373 Mrkan the Skirmisher (level 6, -1/53 HPs)
             Began as a Gnoll Wanderer on Oct 24, 2019.
             Slain by Sigmund
             ... wielding a +0 scythe
              (5 damage)
             ... on level 4 of the Dungeon.
             The game lasted 00:05:39 (2899 turns).

Mrkan the Skirmisher (Gnoll Wanderer)               Turns: 2899, Time: 00:05:40

Health: -1/53      AC:  8    Str: 16    XL:     6   Next: 71%
Magic:  9/9        EV:  9    Int: 14    God:
Gold:   258        SH:  0    Dex: 15    Spells: 9/9 levels left

rFire    . . .     SeeInvis .   a - +2 spear
rCold    . . .     Gourm    .   (no shield)
rNeg     . . .     Faith    .   h - +0 chain mail
rPois    .         Spirit   .   (no helmet)
rElec    .         Reflect  .   (no cloak)
rCorr    .         Harm     .   (no gloves)
MR       .....                  (no boots)
Stlth    ..........             (no amulet)
HPRegen  0.17/turn              (no ring)
MPRegen  0.11/turn              (no ring)

@: no status effects
A: distributed training, fangs 1, strong nose
a: no special abilities


You were on level 4 of the Dungeon.
You were not hungry.

You visited 1 branch of the dungeon, and saw 4 of its levels.

You collected 258 gold pieces.

Inventory:

Hand Weapons
 a - a +2 spear (weapon)
 l - a +0 hunting sling
 q - a cursed -1 hunting sling
Missiles
 e - 52 stones (quivered)
 p - 6 poisoned darts
 B - 3 javelins
Armour
 d - a +0 robe
 h - a +0 chain mail (worn)
 t - a +0 helmet
Jewellery
 s - an uncursed ring of wizardry {unknown}
 u - an uncursed ring of protection from fire {unknown}
 w - an uncursed amulet of harm {unknown}
Wands
 c - a wand of random effects (15)
Scrolls
 k - 2 scrolls of fear {unknown}
 m - a scroll of immolation {unknown}
 n - 2 scrolls of identify {unknown}
 o - 2 scrolls of magic mapping {unknown}
 v - a scroll of random uselessness {unknown}
 y - a scroll of remove curse {unknown}
 A - a scroll of amnesia {unknown}
Potions
 b - a potion of lignification
 i - 2 potions of haste {unknown}
 j - a potion of resistance {unknown}
 r - a potion of curing {unknown}
 x - 2 potions of mutation {unknown}
 z - a potion of might {unknown}
Comestibles
 f - 7 rations
 g - a chunk of flesh


   Skills:
 + Level 6.8 Fighting
 + Level 2.0 Short Blades
 + Level 2.0 Long Blades
 + Level 2.0 Axes
 + Level 2.0 Maces & Flails
 + Level 5.0 Polearms
 + Level 2.0 Staves
 + Level 2.0 Slings
 + Level 2.0 Bows
 + Level 2.0 Crossbows
 + Level 2.0 Throwing
 + Level 2.0 Armour
 + Level 5.0 Dodging
 + Level 3.1 Stealth
 + Level 2.0 Shields
 + Level 3.3 Unarmed Combat
 + Level 2.0 Spellcasting
 + Level 1.6 Conjurations
 + Level 1.6 Hexes
 + Level 1.6 Charms
 + Level 1.6 Summonings
 + Level 1.6 Necromancy
 + Level 1.6 Translocations
 + Level 1.6 Transmutations
 + Level 1.6 Fire Magic
 + Level 1.6 Ice Magic
 + Level 1.6 Air Magic
 + Level 1.6 Earth Magic
 + Level 1.6 Poison Magic
 + Level 2.2 Invocations
 + Level 3.3 Evocations


You had 9 spell levels left.
You didn't know any spells.
Your spell library was empty.

Dungeon Overview and Level Annotations

Branches:
Dungeon (4/15)
 Temple: D:4-7

Altars:
Fedhas
Sif Muna
Wu Jian
Xom

Annotations:
D:4 Sigmund


Innate Abilities, Weirdness & Mutations

Your experience applies equally to all skills.
You have very sharp teeth.
Your uncanny sense of smell can sniff out nearby items.


Message History

You hit something.
You hear some strange, mumbled words.
A magic dart appears from out of thin air!
The magic dart hits you.
You hit something. You closely miss something. Something hits you.
You puncture something! You bite something.
Something hits you but does no damage.
You barely miss something. You miss something. Something hits you!
* * * LOW HITPOINT WARNING * * *
You hit something. You miss something. Something hits you!
* * * LOW HITPOINT WARNING * * *
You closely miss something. You miss something.
You hear some strange, mumbled words.
Something tries to affect you, but you resist.
You hit something. Something hits you.
You die...

#####'#....#
#....##.# #....+#.#
#....##.# #...#.##.#
.......##.#####
#._..._.##.#...
#.........#.#.######
#....⌠......@{......
........#.######
..._.##.#.# .....
....# .... ##+###
... ...


There were no monsters in sight!

Vanquished Creatures
  A phantom (D:4)
  An ogre (D:4)
  A hound (D:3)
  A worker ant (D:3)
  A worker ant zombie (D:3)
  6 adders
  A gnoll (D:1)
  2 worms
  3 dart slugs
  2 leopard geckos
  6 orcs
  2 giant cockroaches
  6 goblins
  8 hobgoblins
  5 jackals (D:1)
  8 kobolds
  A quokka (D:3)
  2 bats (D:3)
  3 frilled lizards
  11 rats
71 creatures vanquished.

Notes
Turn   | Place    | Note
-------+----------+-------------------------------------------
     0 | D:1      | Mrkan the Gnoll Wanderer began the quest for the Orb.
     0 | D:1      | Mrkan set off with the following items: a +2 spear, a
                  | potion of lignification, a wand of random effects (15), a
                  | +0 robe, a ration
     0 | D:1      | Reached XP level 1. HP: 23/23 MP: 2/2
   244 | D:1      | Reached XP level 2. HP: 29/29 MP: 3/3
   363 | D:1      | Reached XP level 3. HP: 27/35 MP: 4/4
   983 | D:2      | Reached skill level 1 in Invocations
  1003 | D:2      | Reached skill level 1 in Short Blades
  1003 | D:2      | Reached skill level 1 in Long Blades
  1003 | D:2      | Reached skill level 1 in Axes
  1003 | D:2      | Reached skill level 1 in Maces & Flails
  1003 | D:2      | Reached skill level 1 in Staves
  1003 | D:2      | Reached skill level 1 in Slings
  1003 | D:2      | Reached skill level 1 in Bows
  1003 | D:2      | Reached skill level 1 in Crossbows
  1003 | D:2      | Reached skill level 1 in Throwing
  1003 | D:2      | Reached skill level 1 in Armour
  1003 | D:2      | Reached skill level 1 in Shields
  1003 | D:2      | Reached skill level 1 in Spellcasting
  1112 | D:2      | Reached XP level 4. HP: 41/41 MP: 6/6
  1186 | D:2      | Found a shimmering altar of Xom.
  1796 | D:3      | Reached skill level 1 in Conjurations
  1796 | D:3      | Reached skill level 1 in Hexes
  1796 | D:3      | Reached skill level 1 in Charms
  1796 | D:3      | Reached skill level 1 in Summonings
  1796 | D:3      | Reached skill level 1 in Necromancy
  1796 | D:3      | Reached skill level 1 in Translocations
  1796 | D:3      | Reached skill level 1 in Transmutations
  1796 | D:3      | Reached skill level 1 in Fire Magic
  1796 | D:3      | Reached skill level 1 in Ice Magic
  1796 | D:3      | Reached skill level 1 in Air Magic
  1796 | D:3      | Reached skill level 1 in Earth Magic
  1796 | D:3      | Reached skill level 1 in Poison Magic
  1809 | D:3      | Reached XP level 5. HP: 35/47 MP: 7/7
  2560 | D:4      | Noticed an ogre
  2596 | D:4      | Killed an ogre
  2596 | D:4      | Reached XP level 6. HP: 10/53 MP: 8/8
  2727 | D:4      | Noticed a phantom
  2768 | D:4      | Killed a phantom
  2768 | D:4      | Reached skill level 5 in Polearms
  2768 | D:4      | Reached skill level 5 in Dodging
  2869 | D:4      | Found a shimmering blue altar of Sif Muna.
  2869 | D:4      | Found an ornate altar of the Wu Jian Council.
  2881 | D:4      | Found a blossoming altar of Fedhas.
  2881 | D:4      | Noticed Sigmund
  2899 | D:4      | Slain by Sigmund

Skill      XL: |  1  2  3  4  5  6 |
---------------+-------------------+-----
Invocations    | 1 2 |  2.2
Short Blades   | 1 2 |  2.0
Long Blades    | 1 2 |  2.0
Axes           | 1 2 |  2.0
Maces & Flails | 1 2 |  2.0
Staves         | 1 2 |  2.0
Slings         | 1 2 |  2.0
Bows           | 1 2 |  2.0
Crossbows      | 1 2 |  2.0
Throwing       | 1 2 |  2.0
Armour         | 1 2 |  2.0
Shields        | 1 2 |  2.0
Spellcasting   | 1 2 |  2.0
Conjurations   | 1 |  1.6
Hexes          | 1 |  1.6
Charms         | 1 |  1.6
Summonings     | 1 |  1.6
Necromancy     | 1 |  1.6
Translocations | 1 |  1.6
Transmutations | 1 |  1.6
Fire Magic     | 1 |  1.6
Ice Magic      | 1 |  1.6
Air Magic      | 1 |  1.6
Earth Magic    | 1 |  1.6
Poison Magic   | 1 |  1.6
Unarmed Combat | 3 |  3.3
Evocations     | 3 |  3.3
Stealth        | 3 |  3.1
Polearms       | 5 |  5.0
Dodging        | 5 |  5.0
Fighting       | |  6.8

Action                   |  1- 3 |  4- 6 || total
-------------------------+-------+-------++-------
Melee: Spear             |    94 |   217 ||   311
       Bite              |     8 |    25 ||    33
       Punch             |     2 |     5 ||     7
 Stab: Sleeping          |     2 |       ||     2
  Eat: Chunk             |     1 |     6 ||     7
Armor: Chain mail        |    45 |   123 ||   168
Dodge: Dodged            |    31 |    83 ||   114
